 Dungeon Crawl Stone Soup version 0.28.0-53-g5a82cb258f (webtiles) character file.

Game seed: 16634181944373819825

6913 LustLizard the Quickloader (level 11, -6/72 HPs)
             Began as a Gnoll Wanderer on Aug 16, 2022.
             Was a Priest of Hepliaklqana.
             Mangled by a steam dragon (7 damage)
             ... on level 8 of the Dungeon.
             The game lasted 00:24:28 (12440 turns).

LustLizard the Quickloader (Gnoll Wanderer)        Turns: 12440, Time: 00:24:28

Health: -6/72      AC: 13    Str: 16    XL:     11   Next: 7%
Magic:  0/22       EV: 13    Int: 14    God:    Hepliaklqana [***...]
Gold:   420        SH:  6    Dex: 19    Spells: 18/25 levels left

rFire   . . .      SeeInvis .   B - +9 mace of Kismet {vorpal, rPois Str+4}
rCold   . . .      Faith    .   h - +0 buckler
rNeg    . . .      Spirit   +   y - +3 ring mail {rPois}
rPois   +          Reflect  .   p - +0 helmet
rElec   .          Harm     .   A - +0 cloak {rCorr}
rCorr   +          Rampage  .   r - +0 pair of gloves
Will    +....                   (no boots)
Stlth   +++.......              M - amulet of guardian spirit
HPRegen 0.22/turn               n - +6 ring of dexterity
MPRegen 0.18/turn               J - ring of willpower

@: no status effects
A: reduced essence, fangs 1, strong nose, distributed training
a: Renounce Religion, Recall Ancestor, Ancestor Identity, Transference


You were on level 8 of the Dungeon.
You worshipped Hepliaklqana.
Hepliaklqana was most pleased with you.
You visited 1 branch of the dungeon, and saw 9 of its levels.

You collected 513 gold pieces.
You spent 93 gold pieces at shops.

Inventory:

Hand Weapons
 a - a +1 hand crossbow
 d - a +0 dagger
 m - a +0 dagger of venom
 B - the +9 mace of Kismet (weapon) {vorpal, rPois Str+4}
   (You found it on level 4 of the Dungeon)

   It inflicts extra damage upon your enemies.
   Str:       It affects your strength (+4).
   rPois:     It protects you from poison.
 G - the +10 falchion "Vatail" {freeze, MP+9}
   (You found it on level 5 of the Dungeon)

   It freezes those it strikes, dealing additional cold damage.
   It can also slow down cold-blooded creatures.
   MP:        It affects your magic capacity (+9).
Missiles
 b - 87 bolts
 c - 17 boomerangs
 v - 6 poisoned darts (quivered)
 E - 5 atropa-tipped darts
 F - 147 stones
Armour
 e - a +0 leather armour
 h - a +0 buckler (worn)
 p - a +0 helmet (worn)
 r - a +0 pair of gloves (worn)
 x - a +1 scale mail of fire resistance
 y - a +3 ring mail of poison resistance (worn)
 A - a +0 cloak of preservation (worn)
 O - the +1 scale mail "Xeuduoma" {Int+3 Dex+2}
   (You found it on level 8 of the Dungeon)

   Int:       It affects your intelligence (+3).
   Dex:       It affects your dexterity (+2).
Jewellery
 g - a ring of protection from fire
 n - a +6 ring of dexterity (left hand)
 J - a ring of willpower (right hand)
 M - an amulet of guardian spirit (around neck)
Wands
 o - a wand of flame (9)
 L - a wand of iceblast (16)
 P - a wand of digging (5)
Scrolls
 f - 3 scrolls of teleportation
 k - a scroll of enchant weapon
 q - 2 scrolls of magic mapping {unknown}
 s - 2 scrolls of fear {unknown}
 t - a scroll of immolation {unknown}
 z - 2 scrolls of fog {unknown}
 I - a scroll of vulnerability {unknown}
 K - a scroll of amnesia {unknown}
 Q - a scroll of enchant armour {unknown}
Potions
 i - 2 potions of degeneration
 j - 4 potions of curing
 l - 5 potions of heal wounds
 u - 2 potions of experience
 w - 2 potions of flight
 C - a potion of cancellation {unknown}
 D - a potion of berserk rage {unknown}
 H - 2 potions of might
 N - 2 potions of lignification {unknown}


   Skills:
 + Level 5.9 Fighting
 + Level 5.9 Short Blades
 + Level 5.9 Long Blades
 + Level 5.9 Axes
 + Level 5.9 Maces & Flails
 + Level 5.9 Polearms
 + Level 5.9 Staves
 + Level 5.9 Slings
 + Level 5.9 Bows
 + Level 10.4 Crossbows
 + Level 6.5 Throwing
 + Level 5.9 Armour
 + Level 5.9 Dodging
 + Level 6.4 Stealth
 + Level 5.9 Shields
 + Level 5.9 Unarmed Combat
 + Level 7.8 Spellcasting
 + Level 4.9 Conjurations
 + Level 4.9 Hexes
 + Level 4.9 Summonings
 + Level 4.9 Necromancy
 + Level 4.9 Translocations
 + Level 4.9 Transmutations
 + Level 4.9 Fire Magic
 + Level 6.3 Ice Magic
 + Level 4.9 Air Magic
 + Level 4.9 Earth Magic
 + Level 4.9 Poison Magic
 + Level 6.5 Invocations
 + Level 5.9 Evocations


You had 18 spell levels left.
You knew the following spells:

 Your Spells              Type           Power      Damage    Failure   Level
a - Freeze                Ice            92%        1d10      2%          1
b - Frozen Ramparts       Ice            46%        1d6       7%          3
c - Swiftness             Air            19%        N/A       12%         3

Your spell library contained the following spells:

 Spells                   Type           Power      Damage    Failure   Level
 Animate Skeleton         Necr           38%        N/A       4%          1
 Apportation              Tloc           38%        N/A       4%          1
 Summon Small Mammal      Summ           76%        N/A       4%          1
 Ensorcelled Hibernation  Hex/Ice        42%        N/A       4%          2
 Passwall                 Tmut/Erth      15%        N/A       6%          2
 Hailstorm                Conj/Ice       21%        3d6       30%         4
 Petrify                  Tmut/Erth      19%        N/A       36%         4
 Metabolic Englaciation   Hex/Ice        10%        N/A       63%         5
 Statue Form              Tmut/Erth      12%        N/A       99%         6


Dungeon Overview and Level Annotations

Branches:
Dungeon (9/15)             Temple (0/1) D:4            Lair (0/6) D:9
    Orc: D:9-12

Altars:
Ashenzari
Gozag
Hepliaklqana
Ru
Uskayaw
Wu Jian
Yredelemnul

Shops:
D:6 (   D:8 *

Annotations:
D:8 Joseph


Innate Abilities, Weirdness & Mutations

Your life essence is reduced to manifest your ancestor. (-10% HP)
You have very sharp teeth.
Your uncanny sense of smell can sniff out nearby items.
Your experience applies equally to all skills.


Message History

The steam dragon claws you but does no damage.
The centaur hits you but does no damage.
The centaur kicks you but does no damage.
The steam dragon bites you but does no damage.
You block the steam dragon's attack.
The kobold brigand moves out of view.
You hear a shout! x3
You sock the steam dragon!
The steam dragon is moderately wounded.
You are engulfed in a cloud of scalding steam.
* * * LOW HITPOINT WARNING * * *
Cuahtemoc hits the centaur with a +0 flail!
The centaur dies!
The steam dragon barely misses you. You block the steam dragon's attack. x2
The steam dragon claws you but does no damage.
Cuahtemoc closely misses the steam dragon.
You hit the steam dragon.
The steam dragon is moderately wounded.
You are engulfed in a cloud of scalding steam.
* * * LOW HITPOINT WARNING * * *
The steam dragon bites you.
* * * LOW HITPOINT WARNING * * *
The steam dragon closely misses you. The steam dragon breathes steam at you.
The ball of steam hits you but does no damage.
The ball of steam hits Joseph!
Joseph resists.
Cuahtemoc barely misses the steam dragon.
You block the steam dragon's attack. The steam dragon barely misses you.
Joseph shoots a sling bullet.
The sling bullet closely misses you.
The sling bullet barely misses the steam dragon.
You thump the steam dragon!
The steam dragon is severely wounded.
You are engulfed in a cloud of scalding steam.
* * * LOW HITPOINT WARNING * * *
An orc comes into view. It is wielding a +0 short sword.
The steam dragon barely misses you.
The steam dragon claws you but does no damage.
Cuahtemoc hits the steam dragon with a +0 flail!
The steam dragon dies!
The steam dragon bites you!
You die...

###########
#.....§...#####
#..)R..§.§.....
#..§@.@§.......
#..D###K.......
Z......
#.....@..
o###...
#........ #...
#........ #...
#........ #...
#........ #.##
#######
###########


You could see the friendly Cuahtemoc the knight, Joseph, a steam dragon, a
kobold brigand, an orc and a centaur zombie.

Vanquished Creatures
  A death yak (D:9)
  A shadow (D:7)
  9 yaks
  Eustachio (D:4)
  Edmund (D:4)
  3 water moccasins
  A black bear (D:7)
  3 orc warriors
  2 ice beasts
  A necrophage (D:3)
  A centaur (D:7)
  2 bullfrogs
  5 scorpions
  4 howler monkeys
  4 centaur zombies
  2 hounds
  Crazy Yiuf (D:4)
  4 orc priests
  Natasha (thrice) (D:3)
  Terence (D:3)
  9 orc wizards
  A howler monkey zombie (D:7)
  2 gnolls (D:8)
  6 adders
  2 shadow imps
  2 white imps
  An ufetubus (D:6)
  2 worms
  2 dart slugs
  19 orcs
  6 bats
  7 endoplasms
  4 giant cockroaches
  7 goblins
  9 hobgoblins
  6 jackals
  6 kobolds
  6 quokkas
  6 ball pythons
  3 frilled lizards
  A quokka skeleton (D:4)
  8 rats
165 creatures vanquished.

Vanquished Creatures (collateral kills)
  A death yak (D:9)
  7 yaks
  A steam dragon (D:8)
  2 orc warriors (D:8)
  A centaur (D:8)
  2 bullfrogs
  A howler monkey (D:6)
  An orc priest (D:9)
  A gnoll shaman (D:8)
  An orc wizard (D:8)
  3 gnolls (D:8)
  7 orcs
28 creatures vanquished.

Vanquished Creatures (others)
  3 knights (D:9)
  6 ancestors
9 creatures vanquished.

Grand Total: 202 creatures vanquished

Notes
Turn   | Place    | Note
-------+----------+-------------------------------------------
     0 | D:1      | LustLizard the Gnoll Wanderer began the quest for the Orb.
     0 | D:1      | LustLizard set off with the following items: a +0 hand
                  | crossbow, 24 bolts, 6 boomerangs, a +0 dagger, a +0 leather
                  | armour; and the following spell memorised: Freeze; and the
                  | following spells available to memorise: Frozen Ramparts,
                  | Hailstorm
     0 | D:1      | Reached XP level 1. HP: 13/13 MP: 6/6
   187 | D:1      | Reached XP level 2. HP: 12/19 MP: 5/7
   736 | D:1      | Reached XP level 3. HP: 25/25 MP: 7/9
   802 | D:1      | Reached skill level 5 in Spellcasting
  1568 | D:2      | Reached skill level 1 in Invocations
  2098 | D:2      | Reached skill level 1 in Fighting
  2098 | D:2      | Reached skill level 1 in Short Blades
  2098 | D:2      | Reached skill level 1 in Long Blades
  2098 | D:2      | Reached skill level 1 in Axes
  2098 | D:2      | Reached skill level 1 in Maces & Flails
  2098 | D:2      | Reached skill level 1 in Polearms
  2098 | D:2      | Reached skill level 1 in Staves
  2098 | D:2      | Reached skill level 1 in Slings
  2098 | D:2      | Reached skill level 1 in Bows
  2098 | D:2      | Reached skill level 1 in Armour
  2098 | D:2      | Reached skill level 1 in Dodging
  2098 | D:2      | Reached skill level 1 in Shields
  2098 | D:2      | Reached skill level 1 in Unarmed Combat
  2098 | D:2      | Reached skill level 1 in Evocations
  2417 | D:2      | Reached XP level 4. HP: 32/32 MP: 11/11
  2938 | D:3      | Found an ornate altar of the Wu Jian Council.
  3051 | D:3      | Noticed Natasha
  3076 | D:3      | Killed Natasha
  3077 | D:3      | Reached skill level 1 in Conjurations
  3077 | D:3      | Reached skill level 1 in Hexes
  3077 | D:3      | Reached skill level 1 in Summonings
  3077 | D:3      | Reached skill level 1 in Necromancy
  3077 | D:3      | Reached skill level 1 in Translocations
  3077 | D:3      | Reached skill level 1 in Transmutations
  3077 | D:3      | Reached skill level 1 in Fire Magic
  3077 | D:3      | Reached skill level 1 in Air Magic
  3077 | D:3      | Reached skill level 1 in Earth Magic
  3077 | D:3      | Reached skill level 1 in Poison Magic
  3081 | D:3      | Learned a level 3 spell: Frozen Ramparts
  3088 | D:3      | Noticed Natasha
  3106 | D:3      | Killed Natasha
  3107 | D:3      | Reached XP level 5. HP: 31/37 MP: 6/12
  3185 | D:3      | Noticed Terence
  3197 | D:3      | Killed Terence
  3407 | D:3      | Found a hazy altar of Hepliaklqana.
  3414 | D:3      | Became a worshipper of Hepliaklqana the Forgotten
  3444 | D:3      | Noticed a necrophage
  3466 | D:3      | Noticed a water moccasin
  3479 | D:3      | Killed a water moccasin
  3480 | D:3      | Reached XP level 6. HP: 36/44 MP: 8/14
  3570 | D:3      | Found a faded altar of an unknown god.
  3763 | D:3      | Killed a necrophage
  3783 | D:3      | Noticed Natasha
  3792 | D:3      | Killed Natasha
  4063 | D:4      | Noticed Edmund
  4071 | D:4      | Killed Edmund
  4072 | D:4      | Reached XP level 7. HP: 28/51 MP: 1/15
  4230 | D:4      | Found a staircase to the Ecumenical Temple.
  4371 | D:4      | Reached skill level 9 in Crossbows
  4703 | D:4      | Found a runed translucent door.
  4704 | D:4      | Noticed Crazy Yiuf
  4712 | D:4      | Killed Crazy Yiuf
  4718 | D:4      | Identified the +9 mace of Kismet {vorpal, rPois Str+4}
  5011 | D:4      | Noticed Eustachio
  5024 | D:4      | Killed Eustachio
  5025 | D:4      | Reached XP level 8. HP: 25/57 MP: 12/16
  5375 | D:4      | Reached * piety under Hepliaklqana
  5473 | D:5      | Entered Level 5 of the Dungeon
  5637 | D:5      | Identified the +10 falchion "Vatail" {freeze, MP+9}
  5808 | D:5      | Found an opulent altar of Gozag.
  5809 | D:5      | Found an opulent altar of Gozag.
  5839 | D:5      | Found an opulent altar of Gozag.
  5851 | D:5      | Found an opulent altar of Gozag.
  6513 | D:6      | Learned a level 3 spell: Swiftness
  6591 | D:6      | Found Doloyl's Weapon Emporium.
  6697 | D:6      | Reached ** piety under Hepliaklqana
  7096 | D:7      | Reached XP level 9. HP: 53/58 MP: 18/18
  7132 | D:7      | Reached skill level 5 in Ice Magic
  7164 | D:7      | Found a large runed translucent door.
  7165 | D:7      | Found a large runed translucent door.
  7265 | D:7      | Found a sacrificial altar of Ru.
  8099 | D:7      | Reached skill level 5 in Throwing
  8474 | D:7      | Found a broken altar of Ashenzari.
  8477 | D:7      | Found a basalt altar of Yredelemnul.
  8698 | D:8      | Identified the +1 scale mail "Xeuduoma" {Int+3 Dex+2}
  9360 | D:8      | Reached skill level 5 in Stealth
  9443 | D:8      | Found a hide-covered altar of Uskayaw.
  9720 | D:9      | Reached *** piety under Hepliaklqana
  9782 | D:9      | Noticed a death yak
  9788 | D:9      | Noticed a death yak
  9789 | D:9      | Noticed a death yak
  9792 | D:9      | Noticed a death yak
  9792 | D:9      | Noticed a death yak
  9794 | D:9      | Noticed a death yak
  9794 | D:9      | Noticed a death yak
 10125 | D:9      | Remembered your ancestor Cuahtemoc as a knight
 10157 | D:9      | Reached skill level 5 in Invocations
 10187 | D:9      | Reached XP level 10. HP: 41/65 MP: 20/20
 10313 | D:8      | Noticed Joseph
 10344 | D:9      | Reached skill level 5 in Fighting
 10344 | D:9      | Reached skill level 5 in Short Blades
 10344 | D:9      | Reached skill level 5 in Long Blades
 10344 | D:9      | Reached skill level 5 in Axes
 10344 | D:9      | Reached skill level 5 in Maces & Flails
 10344 | D:9      | Reached skill level 5 in Polearms
 10344 | D:9      | Reached skill level 5 in Staves
 10344 | D:9      | Reached skill level 5 in Slings
 10344 | D:9      | Reached skill level 5 in Bows
 10344 | D:9      | Reached skill level 5 in Armour
 10344 | D:9      | Reached skill level 5 in Dodging
 10344 | D:9      | Reached skill level 5 in Shields
 10344 | D:9      | Reached skill level 5 in Unarmed Combat
 10344 | D:9      | Reached skill level 5 in Evocations
 10346 | D:9      | Reached skill level 10 in Crossbows
 10811 | D:8      | Found Ulowno's Assorted Antiques.
 11012 | D:8      | Bought a potion of curing for 93 gold pieces
 11527 | D:9      | Found a staircase to the Lair.
 11684 | D:9      | Killed a death yak
 12227 | D:9      | Killed a death yak
 12228 | D:9      | Reached XP level 11. HP: 67/72 MP: 20/22
 12440 | D:8      | HP: 1/72 [steam dragon] (5)]
 12440 | D:8      | Mangled by a steam dragon

Illustrated notes

Levels and vault maps discovered:
D:1:      psy_arrival_fountain, layout_basic, chequers_garden,
          minmay_misc_feat_enclosed
D:2:      layout_basic
D:3:      layout_loops_ring, mainiacjoe_overflow_24_doors,
          nzn_wu_jian_council_hall, shapermc_ecumenical_altar_mp_vishouse,
          uniq_terence, uniq_natasha
D:4:      layout_rooms, minmay_temple_entry_mini_moons, uniq_edmund,
          uniq_crazy_yiuf_cottage, uniq_eustachio
D:5:      layout_loops_ring, nicolae_gozag_conspicuous_consumption
D:6:      layout_loops_cross, serial_shops, nicolae_shop_window_shopping,
          corexii_corridor_pit
D:7:      layout_basic, jmf_multi_god_temple2, nicolae_ru_the_path_less_chosen
D:8:      layout_basic, amcnicky_altar_gilded, kennysheep_windowed_goal,
          uniq_joseph
D:9:      layout_stronghold, dpeg_lair_monsters

Skill      XL: |  1  2  3  4  5  6  7  8  9 10 |
---------------+-------------------------------+-----
Spellcasting   | 5 6 7 |  7.8
Invocations    | 1 2 3 4 5 6 |  6.5
Fighting       | 1 2 3 4 5 |  5.9
Short Blades   | 1 2 3 4 5 |  5.9
Long Blades    | 1 2 3 4 5 |  5.9
Axes           | 1 2 3 4 5 |  5.9
Maces & Flails | 1 2 3 4 5 |  5.9
Polearms       | 1 2 3 4 5 |  5.9
Staves         | 1 2 3 4 5 |  5.9
Slings         | 1 2 3 4 5 |  5.9
Bows           | 1 2 3 4 5 |  5.9
Armour         | 1 2 3 4 5 |  5.9
Dodging        | 1 2 3 4 5 |  5.9
Shields        | 1 2 3 4 5 |  5.9
Unarmed Combat | 1 2 3 4 5 |  5.9
Evocations     | 1 2 3 4 5 |  5.9
Conjurations   | 1 2 3 4 |  4.9
Hexes          | 1 2 3 4 |  4.9
Summonings     | 1 2 3 4 |  4.9
Necromancy     | 1 2 3 4 |  4.9
Translocations | 1 2 3 4 |  4.9
Transmutations | 1 2 3 4 |  4.9
Fire Magic     | 1 2 3 4 |  4.9
Air Magic      | 1 2 3 4 |  4.9
Earth Magic    | 1 2 3 4 |  4.9
Poison Magic   | 1 2 3 4 |  4.9
Throwing       | 3 4 5 6 |  6.5
Ice Magic      | 4 5 6 |  6.3
Stealth        | 3 4 5 6 |  6.4
Crossbows      | 9 10 | 10.4

Action                   |  1- 3 |  4- 6 |  7- 9 | 10-12 || total
-------------------------+-------+-------+-------+-------++-------
Melee: Dagger            |    80 |   100 |    54 |       ||   234
       Bite              |     8 |     8 |    28 |    14 ||    58
       Mace              |       |       |   192 |    98 ||   290
 Fire: Hand crossbow     |     1 |       |       |       ||     1
Throw: Dart              |       |       |     8 |    12 ||    20
       Boomerang         |       |       |     1 |     5 ||     6
       Stone             |       |       |     9 |    10 ||    19
 Cast: Freeze            |    29 |    23 |       |       ||    52
       Frozen Ramparts   |       |     5 |     4 |     2 ||    11
       Swiftness         |       |       |       |     1 ||     1
Invok: Ancestor Life: Kn |       |       |     1 |       ||     1
Evoke: Wand              |       |       |     1 |     4 ||     5
  Use: Scroll            |       |       |     8 |     2 ||    10
 Stab: Sleeping          |    10 |     6 |     3 |       ||    19
Armor: Leather armour    |    23 |    35 |    11 |       ||    69
       Ring mail         |       |       |    86 |    38 ||   124
Dodge: Dodged            |    48 |    61 |   115 |    49 ||   273
Block: Buckler           |     6 |    17 |    50 |    34 ||   107
